 Dungeon Sprint DCSS version 0.29-a0-341-g24ffce5b50 (webtiles) character file.

Game seed: 734627919541787072

319 123456 the Fighter (level 6, 0/66 HPs)
             Began as a Minotaur Fighter on Apr 20, 2022.
             Was a Follower of Okawaru.
             Slain by a killer bee (4 damage)
             ... in the Dungeon (Sprint IX: "|||||||||||||||||||||||||||||").
             The game lasted 00:00:57 (230 turns).

123456 the Fighter (Minotaur Fighter)                Turns: 230, Time: 00:00:58

Health: 0/66       AC: 16    Str: 21    XL:     6   Next: 21%
Magic:  5/5        EV:  9    Int:  8    God:    Okawaru [*.....]
Gold:   0          SH:  4    Dex: 11    Spells: 5/5 levels left

rFire   . . .      SeeInvis .   n - +2 morningstar (vorpal)
rCold   . . .      Faith    .   c - +0 buckler
rNeg    . . .      Spirit   .   p - +1 chain mail
rPois   .          Reflect  .   (helmet restricted)
rElec   .          Harm     .   o - +0 cloak
rCorr   .          Rampage  .   (no gloves)
Will    .....      NoTele   +   a - +0 pair of boots
Stlth   ..........              (no amulet)
HPRegen 0.21/turn               q - +3 ring of intelligence
MPRegen 0.09/turn               r - +2 ring of protection

@: lethally poisoned (0 -> -4)
A: horns 2, retaliatory headbutt
a: Renounce Religion, Heroism


You were in the Dungeon.
You worshipped Okawaru.
Okawaru was aware of your devotion.
You visited 1 branch

Inventory:

Hand Weapons
 n - a +2 vorpal morningstar (weapon)
Armour
 a - a +0 pair of boots (worn)
 b - a +0 scale mail
 c - a +0 buckler (worn)
 o - a +0 cloak (worn)
 p - a +1 chain mail (worn)
Jewellery
 q - a +3 ring of intelligence (left hand)
 r - a +2 ring of protection (right hand)
Wands
 m - a wand of acid (9)
Scrolls
 j - 2 scrolls of blinking
 l - 2 scrolls of amnesia
Potions
 d - a potion of might
 e - 5 potions of curing
 f - 3 potions of heal wounds
 g - a potion of haste
 h - 4 potions of magic
 i - a potion of berserk rage
 k - a potion of invisibility


   Skills:
 * Level 9.8 Fighting
 * Level 9.4 Maces & Flails
 + Level 7.3 Armour
 + Level 5.7 Dodging
 - Level 3.6 Shields


You had 5 spell levels left.
You didn't know any spells.
Your spell library was empty.

Dungeon Overview and Level Annotations

Branches:
Dungeon (1/1)

Altars:
Cheibriados
Dithmenos
Elyvilon
Fedhas
Gozag
Hepliaklqana
Kikubaaqudgha
Makhleb
Nemelex Xobeh
Okawaru
Qazlal
Ru
Sif Muna
Trog
Uskayaw
Vehumet
Wu Jian
Xom
Yredelemnul
Zin
The Shining One
Beogh
Jiyva
Lugonu


Innate Abilities, Weirdness & Mutations

You have a pair of horns on your head.
You reflexively headbutt those who attack you in melee.


Message History

You kill the kobold brigand!
Okawaru accepts your kill. The centaur barely misses you.
You block the centaur's attack.
Your Fighting skill increases to level 9!
Your Maces & Flails skill increases to level 8!
Your Dodging skill increases to level 5!
Unknown command.
You hit the centaur. Your headbutt misses the centaur.
The centaur is moderately wounded.
You block the centaur's attack. x2
The centaur hits you but does no damage.
The centaur barely misses you.
You closely miss the centaur.
The centaur is moderately wounded.
The centaur barely misses you.
The centaur kicks you but does no damage.
You bludgeon the centaur!!
You kill the centaur!
Okawaru is honoured by your kill.
You can now gain great but temporary skills.
The killer bee misses you. You block the killer bee's attack.
Your Maces & Flails skill increases to level 9!
Your Armour skill increases to level 7!
You have reached level 6!
You closely miss the killer bee. Your headbutt misses the killer bee.
The killer bee is heavily wounded.
The troll is no longer covered in acid.
The killer bee stings you.
* * * LOW HITPOINT WARNING * * *
You are poisoned.
The killer bee poisons you! The killer bee stings you.
* * * LOW HITPOINT WARNING * * *
You miss the killer bee.
The killer bee is heavily wounded.
* * * LOW HITPOINT WARNING * * *
You feel sick. The killer bee barely misses you. x2
You miss the killer bee.
The killer bee is heavily wounded.
* * * LOW HITPOINT WARNING * * *
You feel sick. The killer bee stings you.
You die...

▓.▓
▓)▓
▓.▓
▓.▓
▓.▓
▓.▓
▓.▓
▓.▓
▓@▓
▓y▓
▓T▓
▓{▓
▓.▓
▓.▓
▓.▓
▓+▓


You could see a troll and a killer bee.

Vanquished Creatures
  A centaur (D)
  A kobold brigand (D)
  A scorpion (D)
  A killer bee (D)
  2 hounds (D)
  A dart slug (D)
  An orc (D)
  2 endoplasms (D)
  A hobgoblin (D)
  A jackal (D)
  A rat (D)
13 creatures vanquished.

Notes
Turn   | Place    | Note
-------+----------+-------------------------------------------
     0 | D        | 123456 the Minotaur Fighter began the quest for the Orb.
     0 | D        | Reached XP level 1. HP: 19/19 MP: 0/0
    15 | D        | Reached skill level 1 in Dodging
    50 | D        | Noticed a hound
    50 | D        | Noticed a scorpion
    50 | D        | Noticed a hound
    53 | D        | Killed a hound
    54 | D        | Reached skill level 5 in Fighting
    54 | D        | Reached skill level 5 in Maces & Flails
    54 | D        | Reached XP level 2. HP: 28/30 MP: 1/1
    54 | D        | Reached XP level 3. HP: 34/37 MP: 2/2
    56 | D        | Killed a scorpion
    57 | D        | Reached skill level 5 in Armour
    57 | D        | Reached XP level 4. HP: 39/47 MP: 3/3
   140 | D        | Found a snail-covered altar of Cheibriados.
   140 | D        | Found a shadowy altar of Dithmenos.
   140 | D        | Found a white marble altar of Elyvilon.
   140 | D        | Found a blossoming altar of Fedhas.
   140 | D        | Found an opulent altar of Gozag.
   141 | D        | Found a hazy altar of Hepliaklqana.
   142 | D        | Found a viscous altar of Jiyva.
   143 | D        | Found an ancient bone altar of Kikubaaqudgha.
   144 | D        | Found a corrupted altar of Lugonu.
   145 | D        | Found a burning altar of Makhleb.
   146 | D        | Found a sparkling altar of Nemelex Xobeh.
   147 | D        | Found an iron altar of Okawaru.
   148 | D        | Found a stormy altar of Qazlal.
   149 | D        | Found a sacrificial altar of Ru.
   150 | D        | Found a shimmering blue altar of Sif Muna.
   151 | D        | Found a bloodstained altar of Trog.
   152 | D        | Found a hide-covered altar of Uskayaw.
   153 | D        | Found a radiant altar of Vehumet.
   154 | D        | Found an ornate altar of the Wu Jian Council.
   155 | D        | Became a worshipper of Warmaster Okawaru
   156 | D        | Found a shimmering altar of Xom.
   157 | D        | Found a basalt altar of Yredelemnul.
   158 | D        | Found a glowing silver altar of Zin.
   159 | D        | Found a glowing golden altar of the Shining One.
   211 | D        | Noticed a kobold brigand
   211 | D        | Noticed a centaur
   211 | D        | Noticed a troll
   218 | D        | Reached XP level 5. HP: 17/56 MP: 4/4
   225 | D        | Reached skill level 5 in Dodging
   227 | D        | Killed a centaur
   227 | D        | Reached * piety under Okawaru
   228 | D        | Reached XP level 6. HP: 16/66 MP: 5/5
   230 | D        | Slain by a killer bee

Illustrated notes

Levels and vault maps discovered:
D:        linesprint [early_d, line_temple, items_1, d_10, items_2, lair_1,
          lair_end, items_3, orc_1, orc_end, items_4, d_15, swamp_1, shoals_1,
          snake_1, spider_1, d_20, vaults_1, items_5, swamp_end, shoals_end,
          snake_end, spider_end, vaults_end, d_27, items_6, zot_1, zot_end,
          crypt_end, forest_end, elf_end, slime_end, tomb_end, abyss_end,
          pan_hell_end]

Skill      XL: |  1  2  3  4  5 |
---------------+----------------+-----
Fighting       | 5 7 8 9 |  9.8
Maces & Flails | 5 6 7 9 |  9.4
Armour         | 4 5 6 7 |  7.3
Dodging        | 2 3 4 5 |  5.7
Shields        | |  3.6

Action                   |  1- 3 |  4- 6 || total
-------------------------+-------+-------++-------
Melee: Flail             |    17 |     9 ||    26
       Headbutt          |     1 |     3 ||     4
       Morningstar       |       |    17 ||    17
Evoke: Wand              |       |     1 ||     1
Armor: Scale mail        |     5 |     5 ||    10
       Chain mail        |       |     7 ||     7
Dodge: Dodged            |     4 |    16 ||    20
Block: Buckler           |     4 |     7 ||    11

Table legend: (Time is in decaauts)
 A = Elapsed time spent in this place.
 B = Non-inter-level travel time spent in this place.
 C = Inter-level travel time spent in this place.
 D = Time resting spent in this place.
 E = Time spent auto-exploring this place.
 F = Levels seen in this place.
 G = Mean time per level.
                   A        B        C        D        E       F      G
               +--------+--------+--------+--------+--------+-----+--------+
         Total |    236 |    236 |      0 |      0 |    109 |   1 |  236.0 |
       Dungeon |    236 |    236 |      0 |      0 |    109 |   1 |  236.0 |
               +--------+--------+--------+--------+--------+-----+--------+

Top non-repeatable levels by time:
       D: 236 daAuts
